 Dungeon Crawl Stone Soup version 0.26-a0-540-g8a0c9464d7 (webtiles) character file.

Game seed: 9029070486759725411

67 Mesmaeker13 the Caller (level 4, -2/33 HPs)
             Began as a Draconian Summoner on Aug 19, 2020.
             Was an Initiate of Ashenzari.
             Killed by nerve-wracking pain
             ... invoked by an orc priest
              (13 damage)
             ... on level 3 of the Dungeon.
             The game lasted 00:03:08 (2514 turns).

Mesmaeker13 the Caller (Draconian Summoner)         Turns: 2514, Time: 00:03:08

Health: -2/33      AC:  5    Str: 11    XL:     4   Next: 0%
Magic:  6/8        EV: 12    Int: 16    God:    Ashenzari [......]
Gold:   160        SH:  0    Dex: 11    Spells: 5/8 levels left

rFire    + . .     SeeInvis +   c - +0 dagger
rCold    . . .     Faith    .   (no shield)
rNeg     . . .     Spirit   .   (armour unavailable)
rPois    .         Reflect  .   (helmet restricted)
rElec    .         Harm     .   (no cloak)
rCorr    .                      (no gloves)
MR       .....                  (no boots)
Stlth    ++........             (no amulet)
HPRegen  0.11/turn              e - ring of protection from fire
MPRegen  0.11/turn              j - ring of see invisible

@: no status effects
A: unfitting armour, cold-blooded, AC +5
a: Curse Item, Renounce Religion


You were on level 3 of the Dungeon.
You worshipped Ashenzari.
Ashenzari was noncommittal.
You visited 1 branch of the dungeon, and saw 3 of its levels.

You collected 160 gold pieces.

Inventory:

Hand Weapons
 c - a +0 dagger (weapon)
Missiles
 k - 8 javelins (quivered)
Jewellery
 e - a ring of protection from fire (left hand)
 j - a ring of see invisible (right hand)
Scrolls
 a - 2 scrolls of identify {unknown}
 b - 3 scrolls of remove curse
 d - a scroll of blinking {unknown}
 f - a scroll of fear {unknown}
 g - a scroll of magic mapping {unknown}
 m - a scroll of amnesia {unknown}
Potions
 h - a potion of magic {unknown}
 i - 2 potions of invisibility {unknown}
 l - a potion of ambrosia {unknown}
 n - a potion of cancellation {unknown}


   Skills:
 + Level 2.6 Dodging
 - Level 1.7 Stealth
 + Level 2.8 Spellcasting
 + Level 4.5 Summonings


You had 5 spell levels left.
You knew the following spells:

 Your Spells              Type           Power        Failure   Level
a - Summon Small Mammal   Summ           ###.         3%          1
b - Call Imp              Summ           ###.....     4%          2

Your spell library contained the following spells:

 Spells                   Type           Power        Failure   Level
 Call Canine Familiar     Summ           ###.....     9%          3
 Summon Guardian Golem    Hex/Summ       #.......     22%         3
 Summon Ice Beast         Ice/Summ       #.......     58%         4
 Summon Lightning Spire   Summ/Air       #.......     58%         4


Dungeon Overview and Level Annotations

Branches:
Dungeon (3/15)

Altars:
Ashenzari
Gozag

Annotations:
D:2 Sigmund


Innate Abilities, Weirdness & Mutations

Your plain brown scales are hard. (AC +5)
You cannot fit into any form of body armour.
You are cold-blooded and may be slowed by cold attacks.


Message History

You start resting.
An orc priest is nearby!
Casting: Summon Small Mammal (safe; 3% risk of failure)
Confirm with . or Enter, or press ? or * to list all spells.
The orc priest mumbles some strange prayers to Beogh against you.
You barely resist.
The orc priest hits you but does no damage.
You hit the orc priest.
You tail-slap the orc priest, but do no damage.
The orc priest is moderately wounded.
The orc priest hits you.
Casting: Summon Small Mammal (safe; 3% risk of failure)
Confirm with . or Enter, or press ? or * to list all spells.
Your rat misses the orc priest.
The orc priest mumbles some strange prayers to Beogh against you.
Beogh smites you!
Your rat bites the orc priest.
The orc priest mumbles some strange prayers to Beogh against you.
Pain shoots through your body!
You die...

#.# #.# #.# #.#
######## #.#
##.##...######.#######
##...#.................
#....or#.######.#######
##...#@b.# ##...##
##.###### #.....## #.#
##.....# #.# ##.##.##
###.##### #.##..###
#...<...#### #.##.....
#..........# ##+#......
#[..###.##.###)........
#.......##.##.......###


You could see an orc priest, a friendly bat (summoned) and a friendly rat
(summoned).

Vanquished Creatures
  An adder (D:2)
  2 orcs (D:2)
  6 goblins
  6 hobgoblins
  A jackal (D:2)
  2 bats
  A frilled lizard (D:2)
  4 rats
23 creatures vanquished.

Vanquished Creatures (collateral kills)
  A hound (D:2)
  An adder (D:2)
  A dart slug (D:3)
  A leopard gecko (D:2)
  A ball python (D:2)
  A bat (D:1)
  A goblin (D:1)
  3 jackals
  2 kobolds
12 creatures vanquished.

Grand Total: 35 creatures vanquished

Notes
Turn   | Place    | Note
-------+----------+-------------------------------------------
     0 | D:1      | Mesmaeker13 the Draconian Summoner began the quest for the
                  | Orb.
     0 | D:1      | Reached XP level 1. HP: 14/14 MP: 3/3
   408 | D:1      | Reached XP level 2. HP: 11/20 MP: 3/5
   826 | D:1      | Found a shattered altar of Ashenzari.
  1051 | D:1      | Became a worshipper of Ashenzari the Shackled
  1382 | D:2      | Learned a level 2 spell: Call Imp
  1499 | D:2      | Reached XP level 3. HP: 25/26 MP: 6/6
  1818 | D:2      | Noticed Sigmund
  1903 | D:3      | Found an opulent altar of Gozag.
  2340 | D:2      | Reached XP level 4. HP: 22/33 MP: 5/8
  2514 | D:3      | Killed from afar by an orc priest

Illustrated notes

Levels and vault maps discovered:
D:1:      dpeg_arrival_shrine, layout_basic, ashenzari_altar_1
D:2:      layout_basic, minmay_cut_off, uniq_sigmund, uniq_crazy_yiuf_cottage
D:3:      layout_loops_corners, grunt_gozag_breadcrumbs

Skill      XL: |  1 |
---------------+----+-----
Dodging        | 2 |  2.6
Stealth        | |  1.7
Spellcasting   | |  2.8
Summonings     | |  4.5

Action                   |  1- 3 |  4- 6 || total
-------------------------+-------+-------++-------
Melee: Dagger            |    93 |     1 ||    94
       Unarmed           |     2 |       ||     2
       Tailslap          |     8 |     1 ||     9
 Cast: Summon Small Mamm |    31 |     5 ||    36
       Call Imp          |     1 |       ||     1
 Stab: Sleeping          |     3 |       ||     3
       Distracted        |     2 |       ||     2
Armor: Skin              |    40 |     1 ||    41
Dodge: Dodged            |    72 |       ||    72

Table legend: (Time is in decaauts)
 A = Elapsed time spent in this place.
 B = Non-inter-level travel time spent in this place.
 C = Inter-level travel time spent in this place.
 D = Time resting spent in this place.
 E = Time spent auto-exploring this place.
 F = Levels seen in this place.
 G = Mean time per level.
                   A        B        C        D        E       F      G
               +--------+--------+--------+--------+--------+-----+--------+
         Total |   2514 |   2356 |    158 |    802 |   1139 |   3 |  838.0 |
       Dungeon |   2514 |   2356 |    158 |    802 |   1139 |   3 |  838.0 |
               +--------+--------+--------+--------+--------+-----+--------+

Top non-repeatable levels by time:
     D:2: 1246 daAuts
     D:1: 1118 daAuts
     D:3: 149 daAuts
